 Dungeon Crawl Stone Soup version 0.30-a0-632-g346586fe48 (webtiles) character file.

Game seed: 2957573182142782015

1416 wormed the Trooper (level 8, -2/88 HPs)
             Began as an Ogre Berserker on Jan 14, 2023.
             Was an Elder of Trog.
             Slain by a gnoll
             ... wielding a +0 halberd
             ... led by a gnoll sergeant
              (14 damage)
             ... on level 6 of the Dungeon.
             The game lasted 00:06:14 (4996 turns).

wormed the Trooper (Ogre Berserker)                 Turns: 4996, Time: 00:06:15

Health: -2/88      AC:  7    Str: 22    XL:     8   Next: 71%
Magic:  8/8        EV: 10    Int:  8    God:    Trog [****..]
Gold:   195        SH:  0    Dex: 10    Spells: 7/7 levels left

rFire   . . .      SeeInvis .    z - +0 giant club
rCold   . . .      Faith    .    (shield currently unavailable)
rNeg    . . .      Spirit   .    d - +0 acid dragon scales
rPois   .          Reflect  .    (helmet restricted)
rElec   .          Harm     .    (no cloak)
rCorr   +          Rampage  .    (gloves unavailable)
Will    .....                    (boots unavailable)
Stlth   +                        (no amulet)
HPRegen 0.34/turn                (no ring)
MPRegen 0.11/turn                (no ring)

@: on berserk cooldown, slowed, very slow
A: large, unfitting armour, tough skin 1
a: Renounce Religion, Berserk, Trog's Hand, Brothers in Arms


You were on level 6 of the Dungeon.
You worshipped Trog.
Trog was greatly pleased with you.
You visited 1 branch of the dungeon, and saw 6 of its levels.

You collected 195 gold pieces.

Inventory:

Hand Weapons
 a - a +0 heavy mace
 z - a +0 giant club (weapon)
Missiles
 f - 5 poisoned darts
 o - 5 atropa-tipped darts (quivered)
 w - 2 silver javelins
 x - a throwing net
Armour
 d - +0 acid dragon scales (worn)
Jewellery
 y - a ring of ice
 C - a ring of ice
Wands
 m - a wand of mindburst (15)
 q - a wand of acid (8)
 r - a wand of flame (5)
 u - a wand of charming (4)
Scrolls
 j - a scroll of identify
 k - a scroll of noise
 n - 2 scrolls of enchant weapon
 t - 2 scrolls of teleportation
 A - 2 scrolls of magic mapping {unknown}
Potions
 b - a potion of cancellation {unknown}
 c - 5 potions of degeneration
 e - 2 potions of heal wounds
 g - 2 potions of haste
 h - a potion of lignification {unknown}
 i - 2 potions of might {unknown}
 l - 2 potions of magic {unknown}
 p - a potion of berserk rage {unknown}
 s - 2 potions of curing {unknown}
 v - a potion of attraction {unknown}
 B - a potion of experience {unknown}


   Skills:
 + Level 7.9 Fighting
 * Level 7.3 Maces & Flails
 + Level 5.4 Dodging


You had 7 spell levels left.
You didn't know any spells.
Your spell library was empty.

Dungeon Overview and Level Annotations

Branches:
Dungeon (6/15)
 Temple: D:4-7

Altars:
Dithmenos
Gozag
Kikubaaqudgha
Qazlal
Ru
Vehumet
Yredelemnul
Zin
The Shining One

Shops:
D:3 [   D:4 *


Innate Abilities, Weirdness & Mutations

You are too large for most types of armour.
You have tough skin. (AC +1)


Message History

The gnoll sergeant hits you with a +0 spear.
The gnoll hits you but does no damage.
You closely miss the gnoll sergeant.
The gnoll sergeant is severely wounded.
The gnoll sergeant hits you but does no damage.
The gnoll hits you from afar with a +0 spear.
You bludgeon the gnoll sergeant!!
You kill the gnoll sergeant!
Trog accepts your kill. The gnoll hits you but does no damage.
Things that are here:
a +0 spear; a +0 ring mail; a +0 buckler You barely miss the gnoll.
The gnoll hits you with a +0 spear.
The gnoll hits you from afar with a +0 spear.
You thump the gnoll!
You kill the gnoll!
Trog accepts your kill.
The gnoll hits you from afar with a +0 spear.
You are no longer berserk.
You are exhausted.
You feel yourself slow down. The gnoll barely misses you.
The gnoll closely misses you.
Things that are here:
a +0 spear; a gnoll corpse You sock the gnoll!
The gnoll is severely wounded.
The gnoll hits you but does no damage.
The gnoll hits you from afar with a +0 halberd!
* * * LOW HITPOINT WARNING * * *
The gnoll hits you with a +0 spear.
* * * LOW HITPOINT WARNING * * *
The gnoll hits you from afar with a +0 halberd.
* * * LOW HITPOINT WARNING * * *
You bludgeon the gnoll!!
You kill the gnoll!
Trog accepts your kill.
The gnoll hits you from afar with a +0 halberd.
* * * LOW HITPOINT WARNING * * *
The gnoll hits you with a +0 halberd!
You die...

#.# #.# #.# #.#
###.# #.# ....#
#.#
....#####.######
..............>#
....#####.#.####
....#
#.#.########.##
...##
#.#..)))@gg...#
##.#
#.#.###########
#.# #.### #.#
#.# #.# #.# #.#
#.#


You could see 2 gnolls.

Vanquished Creatures
  Pikel (D:4)
  A water moccasin (D:6)
  An ogre (D:5)
  2 phantoms
  A bullfrog (D:4)
  A gnoll sergeant (D:6)
  2 scorpions
  3 hounds
  Jessica (D:2)
  An iguana (D:6)
  An orc wizard (D:5)
  9 gnolls
  2 adders
  A shadow imp (D:6)
  A white imp (D:5)
  2 ufetubi
  3 worms
  2 dart slugs
  11 orcs
  9 ball pythons
  12 bats
  6 endoplasms
  3 giant cockroaches
  8 goblins
  7 hobgoblins
  9 jackals
  3 quokkas (D:1)
  7 frilled lizards
  6 kobolds
  10 rats
126 creatures vanquished.

Notes
Turn   | Place    | Note
-------+----------+-------------------------------------------
     0 | D:1      | wormed the Ogre Berserker began the quest for the Orb.
     0 | D:1      | Reached XP level 1. HP: 24/24 MP: 1/1
    46 | D:1      | Found a faded altar of an unknown god.
   155 | D:1      | Reached XP level 2. HP: 32/32 MP: 2/2
   489 | D:1      | Reached ** piety under Trog
   546 | D:1      | Reached XP level 3. HP: 32/40 MP: 3/3
  1171 | D:2      | You fall into a shaft and drop 1 floor!
  1189 | D:3      | Found an ancient bone altar of Kikubaaqudgha.
  1267 | D:2      | Noticed Jessica
  1283 | D:2      | Killed Jessica
  1284 | D:2      | Reached XP level 4. HP: 40/49 MP: 4/4
  2167 | D:3      | Found Ruggir's Armour Shoppe.
  2434 | D:3      | Reached skill level 5 in Fighting
  2435 | D:3      | Reached *** piety under Trog
  2615 | D:3      | Found a basalt altar of Yredelemnul.
  2621 | D:3      | Found a glowing golden altar of the Shining One.
  2635 | D:3      | Reached XP level 5. HP: 50/57 MP: 5/5
  2697 | D:3      | Found a sacrificial altar of Ru.
  2736 | D:3      | Found a glowing silver altar of Zin.
  2736 | D:3      | Noticed an angel
  3036 | D:4      | Found a radiant altar of Vehumet.
  3104 | D:4      | Found a shadowy altar of Dithmenos.
  3161 | D:4      | Reached XP level 6. HP: 33/66 MP: 6/6
  3360 | D:4      | Found Enauhi Fise's General Store.
  3400 | D:4      | Reached skill level 5 in Maces & Flails
  3404 | D:4      | Noticed Pikel
  3416 | D:4      | Killed Pikel
  3417 | D:4      | Reached XP level 7. HP: 33/76 MP: 7/7
  3550 | D:4      | Found an opulent altar of Gozag.
  3788 | D:5      | Entered Level 5 of the Dungeon
  3796 | D:5      | Reached XP level 8. HP: 85/87 MP: 8/8
  3855 | D:5      | Found a stormy altar of Qazlal.
  4359 | D:5      | Reached skill level 5 in Dodging
  4741 | D:6      | Reached **** piety under Trog
  4996 | D:6      | Slain by a gnoll

Illustrated notes

Levels and vault maps discovered:
D:1:      sevenhm_arrival_forest_fort_large_1, layout_basic,
          dreamdust_ecumenical_altar_statues, minmay_distorted
D:2:      layout_basic, minmay_heptomino_d4, uniq_jessica
D:3:      layout_basic, grunt_temple_overflow_holy_war, old_standard_altar,
          zin_angel, mainiacjoe_overflow_alcove_2, serial_shops, shop,
          grunt_ministairs_8
D:4:      layout_cave_pools, old_standard_altar,
          grunt_dithmenos_smoke_and_mirrors, grunt_gozag_breadcrumbs,
          serial_shops, nicolae_diamond_shop, uniq_pikel
D:5:      layout_loops_ring, mainiacjoe_overflow_catwalk
D:6:      layout_basic, minmay_temple_entry_offerings

Skill      XL: |  1  2  3  4  5  6  7  8 |
---------------+-------------------------+-----
Maces & Flails | 3 4 6 7 |  7.3
Dodging        | 3 4 5 |  5.4
Fighting       | 5 6 7 |  7.9

Action                   |  1- 3 |  4- 6 |  7- 9 || total
-------------------------+-------+-------+-------++-------
Melee: Mace              |   115 |   125 |    65 ||   305
       Punch             |       |     2 |       ||     2
       Giant club        |       |       |    32 ||    32
Throw: Dart              |       |       |     1 ||     1
Invok: Berserk           |     1 |     3 |     1 ||     5
  Use: Scroll            |       |     8 |     2 ||    10
       Potion            |       |       |     2 ||     2
Armor: Animal skin       |    38 |     9 |       ||    47
       Acid dragon scale |       |    65 |    49 ||   114
Dodge: Dodged            |    65 |   107 |    45 ||   217

Table legend: (Time is in decaauts)
 A = Elapsed time spent in this place.
 B = Non-inter-level travel time spent in this place.
 C = Inter-level travel time spent in this place.
 D = Time resting spent in this place.
 E = Time spent auto-exploring this place.
 F = Levels seen in this place.
 G = Mean time per level.
                   A        B        C        D        E       F      G
               +--------+--------+--------+--------+--------+-----+--------+
         Total |   5173 |   5006 |    167 |     51 |   4004 |   6 |  862.2 |
       Dungeon |   5173 |   5006 |    167 |     51 |   4004 |   6 |  862.2 |
               +--------+--------+--------+--------+--------+-----+--------+

Top non-repeatable levels by time:
     D:1: 1128 daAuts
     D:2: 987 daAuts
     D:5: 950 daAuts
     D:3: 912 daAuts
     D:4: 898 daAuts
     D:6: 295 daAuts
